 Dungeon Crawl Stone Soup version 0.30-a0-1123-gabc949cf19 (webtiles) character file.

Game seed: 4656633011809303288

51 Arzdou the Trooper (level 3, -1/34 HPs)
             Began as a Minotaur Fighter on Apr 22, 2023.
             Slain by Natasha (8 damage)
             ... on level 2 of the Dungeon.
             The game lasted 00:01:01 (865 turns).

Arzdou the Trooper (Minotaur Fighter)                Turns: 865, Time: 00:01:01

Health: -1/34      AC:  8    Str: 22    XL:     3   Next: 58%
Magic:  2/2        EV:  9    Int:  5    God:
Gold:   64         SH:  4    Dex:  9    Spells: 2/2 levels left

rFire   . . .        a - +0 war axe
rCold   . . .        c - +0 buckler
rNeg    . . .        b - +0 scale mail
rPois   .            (helmet restricted)
rElec   .            (no cloak)
rCorr   .            m - +0 pair of gloves
SInv    .            (no boots)
Will    .....        (no amulet) Stlth
                     (no ring)
HPRegen 0.25/turn    (no ring)
MPRegen 0.08/turn

%: no passive effects
@: no status effects
A: horns 2, retaliatory headbutt
a: no special abilities


You were on level 2 of the Dungeon.
You visited 1 branch of the dungeon, and saw 2 of its levels.

You collected 64 gold pieces.

Inventory:

Hand Weapons
 a - a +0 war axe (weapon)
Armour
 b - a +0 scale mail (worn)
 c - a +0 buckler (worn)
 m - a +0 pair of gloves (worn)
Scrolls
 e - a scroll of enchant weapon {unknown}
 f - a scroll of teleportation {unknown}
 h - a scroll of enchant armour {unknown}
 i - a scroll of silence {unknown}
 l - a scroll of amnesia {unknown}
Potions
 d - a potion of might
 g - a potion of heal wounds {unknown}
 j - a potion of curing {unknown}
 k - a potion of lignification {unknown}


   Skills:
 + Level 4.3 Fighting
 + Level 3.0 Axes
 + Level 4.2 Armour
 + Level 4.2 Shields


You had 2 spell levels left.
You didn't know any spells.
Your spell library was empty.

Dungeon Overview and Level Annotations

Branches:
Dungeon (2/15)

Altars:

Annotations:
D:2 Natasha


Innate Abilities, Weirdness & Mutations

You have a pair of horns on your head.
You reflexively headbutt those who attack you in melee.


Message History

You kill the cerulean imp!
The cerulean imp disappears in a puff of smoke!
You closely miss the cerulean imp. You hit the cerulean imp.
The cerulean imp hits you but does no damage.
The cerulean imp hits you with a +1 spear.
Unknown command.
You miss the cerulean imp. Your headbutt misses the cerulean imp.
The cerulean imp is moderately wounded.
You hit the cerulean imp but do no damage.
The cerulean imp closely misses you. You furiously retaliate!
You headbutt the cerulean imp! You block the cerulean imp's attack.
The cerulean imp hits you but does no damage.
You barely miss the cerulean imp. You headbutt the cerulean imp.
You kill the cerulean imp!
The cerulean imp disappears in a puff of smoke!
You slash the cerulean imp! The cerulean imp closely misses you.
You hear some strange, mumbled words.
The cerulean imp hits you with a +1 spear.
Unknown command.
You slash the cerulean imp!
You kill the cerulean imp!
The cerulean imp disappears in a puff of smoke!
Unknown command.
You miss something. Something claws you.
The cerulean imp hits you but does no damage.
Something claws you but does no damage.
You are too injured to fight recklessly!
You are too injured to fight recklessly!
You closely miss something. You block the cerulean imp's attack.
Something claws you!
* * * LOW HITPOINT WARNING * * *
You closely miss something.
The cerulean imp hits you but does no damage.
You hear some strange, mumbled words.
The cerulean imp barely misses you.
You hit something. Something claws you but does no damage.
The cerulean imp barely misses you. Something claws you.
* * * LOW HITPOINT WARNING * * *
You miss something. The cerulean imp misses you. Something claws you!
You die...

?#..# ### #.#
...#.#.. #.#
###..#.#.###.#######
....#.............#
#..#.#.##..#####.#
##.###.##......#
#......#.......#
#..######.###..#
#@†# #.# #..#
#...{..# #.# #..#
#..5...# #.# #..#
#......# #.# #..#
........# #.# #..#
###....#.# #.. ...#
.......# ### #.##
#..... .#


You could see a cerulean imp (summoned).

Vanquished Creatures
  2 gnolls (D:1)
  2 ball pythons (D:1)
  4 bats (D:1)
  2 endoplasms (D:1)
  5 giant cockroaches
  A goblin (D:1)
  3 hobgoblins
  4 jackals (D:2)
  2 kobolds (D:1)
  3 rats (D:1)
28 creatures vanquished.

Notes
Turn   | Place    | Note
-------+----------+-------------------------------------------
     0 | D:1      | Arzdou the Minotaur Fighter began the quest for the Orb.
     0 | D:1      | Reached XP level 1. HP: 19/19 MP: 0/0
    97 | D:1      | Reached XP level 2. HP: 27/27 MP: 1/1
   245 | D:1      | Found a faded altar of an unknown god.
   437 | D:1      | Reached XP level 3. HP: 33/33 MP: 2/2
   846 | D:2      | Noticed Natasha
   865 | D:2      | Slain by Natasha

Illustrated notes

Levels and vault maps discovered:
D:1:      reono_arrival_forest_river, layout_loops_ring,
          dilly_ecumenical_altar_fadedgnrine, minmay_worlds_worst_comb
D:2:      layout_basic, uniq_natasha

Skill      XL: |  1  2  3 |
---------------+----------+-----
Armour         | 4 |  4.2
Fighting       | 4 |  4.3
Shields        | 4 |  4.2
Axes           | 3 |  3.0

Action                     || total
---------------------------++-------
  Melee: War axe           ||    58
         Headbutt          ||     5
 Armour: Scale mail        ||    35
  Dodge: Dodged            ||    30
  Block: Buckler           ||    13

Table legend: (Time is in decaauts)
 A = Elapsed time spent in this place.
 B = Non-inter-level travel time spent in this place.
 C = Inter-level travel time spent in this place.
 D = Time resting spent in this place.
 E = Time spent auto-exploring this place.
 F = Levels seen in this place.
 G = Mean time per level.
                   A        B        C        D        E       F      G
               +--------+--------+--------+--------+--------+-----+--------+
         Total |    903 |    831 |     72 |      0 |    678 |   2 |  451.5 |
       Dungeon |    903 |    831 |     72 |      0 |    678 |   2 |  451.5 |
               +--------+--------+--------+--------+--------+-----+--------+

Top non-repeatable levels by time:
     D:1: 816 daAuts
     D:2: 87 daAuts
